[ AOE2 MATCH · #506721878 ]
UnrankedMongols vs Mongols
Player's team · LOSS
Rival team · WIN
[ REPLAY ANALYSIS · EXTRACTED FROM THE RECORDED GAME ]
Feudal
10:55
Castle
22:07
Imperial
40:50
| APM avg | 69.8 |
| APM peak | 122 |
| eAPM avg | 32.3 |
| Villagers / military | 352 / 806 |
Focus
⚔️ 55.3% · 🌾 44.7%
Scout Cavalry ×324 · Camel Scout ×172 · Skirmisher ×168 · Cavalry Archer ×87 · Archer ×29 · Trebuchet (Packed) ×14
Feudal
8:59
Castle
22:41
Imperial
42:40
| APM avg | 69.0 |
| APM peak | 103 |
| eAPM avg | 36.9 |
| Villagers / military | 264 / 591 |
Focus
⚔️ 52.5% · 🌾 47.5%
Scout Cavalry ×314 · Mangudai ×102 · Skirmisher ×76 · Cavalry Archer ×75 · Archer ×9 · Battering Ram ×9
Match map
Initial resources + every placement click. Lines = walls · curves = elevation contours. ◆ gold · ⬟ stone · ● berries · ✦ relic · ◌ wall gap
Your base· Open — 8t gap
_Tomate's base· Open — 4t gap
Smoothed initial terrain · ◌ = detected wall gap · hover for details
Inputs per minute
— Fs.Jubileu - - _Tomate
Build order — Fs.Jubileu
First 150 of 1119 actions detected
| 0:00 | Create | Villager (Male) |
| 0:00 | Create | Villager (Male) |
| 0:00 | Create | Villager (Male) |
| 0:00 | Create | Villager (Male) |
| 0:00 | Create | Villager (Male) |
| 0:00 | Create | Villager (Male) |
| 0:00 | Create | Villager (Male) |
| 0:00 | Create | Villager (Male) |
| 0:00 | Create | Villager (Male) |
| 0:00 | Create | Villager (Male) |
| 0:00 | Create | Villager (Male) |
| 0:00 | Create | Villager (Male) |
| 0:00 | Create | Villager (Male) |
| 0:00 | Create | Villager (Male) |
| 0:00 | Create | Villager (Male) |
| 0:00 | Create | Villager (Male) |
| 0:00 | Create | Villager (Male) |
| 0:02 | Build | House |
| 0:03 | Build | House |
| 1:20 | Create | Villager (Male) |
| 1:21 | Create | Villager (Male) |
| 1:49 | Create | Villager (Male) |
| 1:49 | Create | Villager (Male) |
| 1:49 | Create | Villager (Male) |
| 2:17 | Create | Villager (Male) |
| 2:17 | Create | Villager (Male) |
| 2:53 | Create | Villager (Male) |
| 3:00 | Build | Barracks |
| 3:06 | Create | Villager (Male) |
| 3:15 | Create | Villager (Male) |
| 3:33 | Build | House |
| 3:37 | Create | Villager (Male) |
| 4:00 | Create | Villager (Male) |
| 4:16 | Create | Militia |
| 4:24 | Create | Militia |
| 4:25 | Build | House |
| 4:33 | Create | Militia |
| 4:36 | Create | Villager (Male) |
| 4:37 | Create | Villager (Male) |
| 4:37 | Create | Villager (Male) |
| 5:02 | Build | House |
| 5:12 | Create | Villager (Male) |
| 5:21 | Create | Villager (Male) |
| 5:32 | Create | Villager (Male) |
| 5:40 | Build | Palisade Wall |
| 5:41 | Create | Villager (Male) |
| 6:07 | Create | Villager (Male) |
| 6:26 | Create | Militia |
| 6:26 | Create | Militia |
| 6:49 | Create | Villager (Male) |
| 6:49 | Create | Villager (Male) |
| 6:49 | Create | Villager (Male) |
| 7:14 | Create | Villager (Male) |
| 7:21 | Build | Lumber Camp |
| 7:37 | Build | Palisade Wall |
| 8:19 | Create | Villager (Male) |
| 8:38 | Research | Feudal Age |
| 8:51 | Build | Palisade Wall |
| 9:03 | Build | House |
| 9:17 | Build | Palisade Wall |
| 9:31 | Build | Palisade Wall |
| 9:45 | Build | Palisade Wall |
| 9:46 | Build | Palisade Wall |
| 10:02 | Build | Mill |
| 10:30 | Create | Villager (Male) |
| 10:38 | Build | Farm |
| 10:39 | Build | Farm |
| 10:49 | Build | Palisade Wall |
| 10:51 | Build | Palisade Wall |
| 10:54 | Build | Palisade Wall |
| 10:55 | Age | Feudal Age |
| 10:57 | Research | Loom |
| 11:01 | Create | Villager (Male) |
| 11:04 | Build | Archery Range |
| 11:06 | Create | Villager (Male) |
| 11:30 | Research | Double-Bit Axe |
| 11:51 | Build | Farm |
| 11:53 | Create | Villager (Male) |
| 11:58 | Build | Farm |
| 12:02 | Create | Skirmisher |
| 12:02 | Create | Skirmisher |
| 12:07 | Build | Farm |
| 12:09 | Build | Farm |
| 12:11 | Build | Farm |
| 12:23 | Build | Farm |
| 12:31 | Build | Farm |
| 12:41 | Create | Skirmisher |
| 12:59 | Create | Villager (Male) |
| 13:00 | Create | Skirmisher |
| 13:08 | Build | Farm |
| 13:25 | Create | Villager (Male) |
| 13:26 | Build | Farm |
| 13:27 | Create | Skirmisher |
| 13:27 | Create | Skirmisher |
| 14:04 | Create | Villager (Male) |
| 14:05 | Create | Skirmisher |
| 14:05 | Create | Villager (Male) |
| 14:22 | Build | Blacksmith |
| 14:24 | Create | Spearman |
| 14:29 | Build | House |
| 14:32 | Build | House |
| 14:38 | Create | Skirmisher |
| 14:45 | Create | Skirmisher |
| 14:50 | Create | Villager (Male) |
| 14:55 | Build | Farm |
| 15:15 | Research | Fletching |
| 15:21 | Build | House |
| 15:28 | Build | Mining Camp |
| 15:30 | Create | Villager (Male) |
| 15:35 | Create | Spearman |
| 15:46 | Create | Villager (Male) |
| 15:48 | Create | Skirmisher |
| 16:04 | Create | Villager (Male) |
| 16:11 | Create | Spearman |
| 16:14 | Create | Villager (Male) |
| 16:16 | Build | Farm |
| 16:37 | Create | Villager (Male) |
| 16:38 | Create | Spearman |
| 16:49 | Build | Farm |
| 16:53 | Create | Archer |
| 16:53 | Create | Archer |
| 17:08 | Build | House |
| 17:14 | Build | Farm |
| 17:15 | Build | Farm |
| 17:41 | Create | Archer |
| 17:42 | Create | Archer |
| 17:48 | Create | Villager (Male) |
| 18:08 | Create | Archer |
| 18:16 | Create | Villager (Male) |
| 18:36 | Build | House |
| 18:37 | Build | House |
| 18:44 | Build | House |
| 18:51 | Create | Villager (Male) |
| 19:27 | Research | Castle Age |
| 19:42 | Research | Padded Archer Armor |
| 19:46 | Build | House |
| 20:06 | Build | Archery Range |
| 20:07 | Create | Archer |
| 20:07 | Create | Archer |
| 20:17 | Build | House |
| 20:26 | Research | Horse Collar |
| 20:26 | Research | Horse Collar |
| 20:26 | Research | Gold Mining |
| 20:27 | Research | Gold Mining |
| 20:28 | Create | Archer |
| 20:45 | Build | Palisade Wall |
| 20:48 | Create | Archer |
| 21:21 | Create | Archer |
| 22:07 | Age | Castle Age |
| 22:08 | Build | Lumber Camp |
Build order — _Tomate
First 150 of 1165 actions detected
| 0:01 | Create | Villager (Male) |
| 0:01 | Create | Villager (Male) |
| 0:01 | Create | Villager (Male) |
| 0:02 | Create | Villager (Male) |
| 0:02 | Create | Villager (Male) |
| 0:02 | Build | House |
| 0:04 | Build | House |
| 1:08 | Create | Villager (Male) |
| 1:08 | Create | Villager (Male) |
| 1:52 | Create | Villager (Male) |
| 1:52 | Create | Villager (Male) |
| 2:23 | Create | Villager (Male) |
| 2:43 | Create | Villager (Male) |
| 3:00 | Create | Villager (Male) |
| 3:07 | Build | House |
| 3:30 | Create | Villager (Male) |
| 3:46 | Build | Lumber Camp |
| 3:48 | Create | Villager (Male) |
| 3:49 | Create | Villager (Male) |
| 4:03 | Create | Villager (Male) |
| 4:39 | Create | Villager (Male) |
| 5:05 | Build | Mining Camp |
| 5:13 | Research | Loom |
| 5:50 | Create | Villager (Male) |
| 6:11 | Create | Villager (Male) |
| 6:34 | Build | Palisade Wall |
| 6:35 | Build | Palisade Wall |
| 6:49 | Research | Feudal Age |
| 7:12 | Build | Mill |
| 7:17 | Build | Palisade Wall |
| 7:18 | Build | Palisade Wall |
| 7:38 | Build | House |
| 7:43 | Build | Palisade Wall |
| 8:11 | Build | Barracks |
| 8:49 | Create | Villager (Male) |
| 8:59 | Age | Feudal Age |
| 9:02 | Build | Archery Range |
| 9:07 | Create | Villager (Male) |
| 9:28 | Create | Archer |
| 9:38 | Build | Mill |
| 9:47 | Create | Villager (Male) |
| 9:49 | Create | Archer |
| 9:55 | Build | Palisade Wall |
| 9:58 | Build | Palisade Wall |
| 10:07 | Build | House |
| 10:09 | Build | Palisade Wall |
| 10:10 | Build | Palisade Wall |
| 10:14 | Create | Archer |
| 10:22 | Create | Villager (Male) |
| 10:27 | Create | Archer |
| 10:45 | Build | Farm |
| 10:46 | Build | Farm |
| 10:49 | Build | Farm |
| 10:51 | Create | Villager (Male) |
| 10:51 | Create | Villager (Male) |
| 10:54 | Build | Palisade Wall |
| 11:07 | Build | Palisade Wall |
| 11:17 | Build | Farm |
| 11:21 | Build | Farm |
| 11:23 | Create | Archer |
| 11:24 | Create | Villager (Male) |
| 11:24 | Create | Villager (Male) |
| 11:41 | Create | Villager (Male) |
| 11:42 | Build | House |
| 11:44 | Build | Farm |
| 12:07 | Create | Archer |
| 12:17 | Build | Farm |
| 12:18 | Build | Farm |
| 12:21 | Create | Villager (Male) |
| 12:32 | Build | House |
| 12:50 | Create | Villager (Male) |
| 13:02 | Build | Farm |
| 13:10 | Build | Farm |
| 13:26 | Create | Villager (Male) |
| 13:43 | Build | Lumber Camp |
| 13:55 | Create | Villager (Male) |
| 13:55 | Create | Villager (Male) |
| 13:56 | Create | Villager (Male) |
| 14:09 | Build | House |
| 14:10 | Build | Palisade Wall |
| 14:17 | Create | Archer |
| 14:28 | Research | Double-Bit Axe |
| 14:28 | Research | Double-Bit Axe |
| 14:28 | Research | Double-Bit Axe |
| 14:47 | Build | Palisade Wall |
| 14:56 | Create | Villager (Male) |
| 14:59 | Build | House |
| 15:03 | Build | Palisade Wall |
| 15:28 | Create | Villager (Male) |
| 15:32 | Build | Stable |
| 15:42 | Create | Villager (Male) |
| 15:47 | Build | House |
| 15:57 | Build | Palisade Wall |
| 16:13 | Build | Farm |
| 16:14 | Create | Scout Cavalry |
| 16:14 | Create | Scout Cavalry |
| 16:18 | Build | Farm |
| 16:25 | Create | Villager (Male) |
| 16:25 | Create | Villager (Male) |
| 16:31 | Build | House |
| 16:52 | Build | House |
| 16:55 | Build | Farm |
| 16:56 | Build | Farm |
| 17:01 | Create | Scout Cavalry |
| 17:07 | Create | Villager (Male) |
| 17:20 | Build | Farm |
| 17:40 | Create | Villager (Male) |
| 17:51 | Build | Blacksmith |
| 17:59 | Build | Market |
| 18:08 | Create | Villager (Male) |
| 18:09 | Create | Archer |
| 18:10 | Create | Archer |
| 18:24 | Create | Villager (Male) |
| 18:32 | Build | Mining Camp |
| 18:46 | Build | House |
| 18:55 | Create | Villager (Male) |
| 19:00 | Build | Blacksmith |
| 19:15 | Create | Villager (Male) |
| 20:01 | Research | Castle Age |
| 20:01 | Research | Castle Age |
| 20:01 | Research | Castle Age |
| 20:04 | Build | Archery Range |
| 20:20 | Research | Horse Collar |
| 21:02 | Build | Farm |
| 21:02 | Build | Farm |
| 21:04 | Research | Fletching |
| 21:04 | Research | Fletching |
| 21:30 | Build | Archery Range |
| 21:59 | Research | Bloodlines |
| 22:00 | Research | Bloodlines |
| 22:02 | Build | Farm |
| 22:02 | Build | Farm |
| 22:34 | Create | Villager (Male) |
| 22:41 | Age | Castle Age |
| 22:42 | Create | Cavalry Archer |
| 22:42 | Create | Cavalry Archer |
| 22:42 | Create | Cavalry Archer |
| 22:44 | Build | University |
| 22:49 | Research | Husbandry |
| 22:49 | Research | Husbandry |
| 22:52 | Research | Bodkin Arrow |
| 22:52 | Research | Bodkin Arrow |
| 22:54 | Create | Villager (Male) |
| 22:56 | Build | Farm |
| 23:14 | Create | Cavalry Archer |
| 23:14 | Create | Cavalry Archer |
| 23:14 | Create | Cavalry Archer |
| 23:16 | Research | Husbandry |
| 23:16 | Research | Husbandry |
| 23:17 | Create | Cavalry Archer |
Match timeline
| 3:00 | Fs.Jubileu · first_building Barracks |
| 5:40 | Fs.Jubileu · wall_segment Palisade Wall x6 |
| 6:34 | _Tomate · wall_segment Palisade Wall x1 |
| 6:35 | _Tomate · wall_segment Palisade Wall x2 |
| 7:17 | _Tomate · wall_segment Palisade Wall x1 |
| 7:18 | _Tomate · wall_segment Palisade Wall x1 |
| 7:37 | Fs.Jubileu · wall_segment Palisade Wall x8 |
| 7:43 | _Tomate · wall_segment Palisade Wall x1 |
| 8:11 | _Tomate · first_building Barracks |
| 8:51 | Fs.Jubileu · wall_segment Palisade Wall x3 |
| 8:59 | _Tomate · age_up feudal |
| 9:02 | _Tomate · first_building Archery Range |
| 9:17 | Fs.Jubileu · wall_segment Palisade Wall x9 |
| 9:31 | Fs.Jubileu · wall_segment Palisade Wall x2 |
| 9:45 | Fs.Jubileu · wall_segment Palisade Wall x13 |
| 9:46 | Fs.Jubileu · wall_segment Palisade Wall x5 |
| 9:55 | _Tomate · wall_segment Palisade Wall x1 |
| 9:58 | _Tomate · wall_segment Palisade Wall x4 |
| 10:09 | _Tomate · wall_segment Palisade Wall x1 |
| 10:10 | _Tomate · wall_segment Palisade Wall x1 |
| 10:49 | Fs.Jubileu · wall_segment Palisade Wall x1 |
| 10:51 | Fs.Jubileu · wall_segment Palisade Wall x1 |
| 10:54 | Fs.Jubileu · wall_segment Palisade Wall x1 |
| 10:54 | _Tomate · wall_segment Palisade Wall x1 |
| 10:55 | Fs.Jubileu · age_up feudal |
| 11:04 | Fs.Jubileu · first_building Archery Range |
| 11:07 | _Tomate · wall_segment Palisade Wall x3 |
| 14:10 | _Tomate · wall_segment Palisade Wall x5 |
| 14:47 | _Tomate · wall_segment Palisade Wall x7 |
| 15:03 | _Tomate · wall_segment Palisade Wall x9 |
| 15:32 | _Tomate · first_building Stable |
| 15:57 | _Tomate · wall_segment Palisade Wall x3 |
| 18:54 | _Tomate · first_market_buy 100 food |
| 20:45 | Fs.Jubileu · wall_segment Palisade Wall x1 |
| 22:07 | Fs.Jubileu · age_up castle |
| 22:41 | _Tomate · age_up castle |
| 23:10 | Fs.Jubileu · wall_segment Palisade Wall x1 |
| 23:30 | _Tomate · first_market_sell 100 stone |
| 25:12 | Fs.Jubileu · wall_segment Palisade Wall x1 |
| 25:16 | Fs.Jubileu · wall_segment Palisade Wall x4 |
| 25:41 | Fs.Jubileu · first_building Stable |
| 36:26 | _Tomate · first_building Castle |
| 37:16 | Fs.Jubileu · first_building Siege Workshop |
| 37:27 | _Tomate · first_building Monastery |
| 38:44 | Fs.Jubileu · first_building Castle |
| 40:50 | Fs.Jubileu · age_up imperial |
| 42:40 | _Tomate · age_up imperial |
| 45:14 | _Tomate · first_building Siege Workshop |
| 48:06 | Fs.Jubileu · first_market_sell 100 wood |
| 73:41 | Fs.Jubileu · resign |
[ AI ANALYSIS · 1 CREDIT ]
What really happened in this match?
Wolo.gg analyzes every decision: build order, eco, micro, common mistakes by bracket. Personalized analysis on WhatsApp or Discord in 30 seconds.
Civ guide
Mongols
Perfil
Jugador #1175237